 Dungeon Crawl Stone Soup version 0.30-a0-586-g23e55c9e0a (webtiles) character file.

Game seed: 12737584876018852106

4 Citaku the Shield-Bearer (level 1, 0/20 HPs)
             Began as a Minotaur Fighter on Jan 3, 2023.
             Slain by a frilled lizard (2 damage)
             ... on level 2 of the Dungeon.
             The game lasted 00:00:16 (112 turns).

Citaku the Shield-Bearer (Minotaur Fighter)          Turns: 112, Time: 00:00:17

Health: 0/20       AC:  7    Str: 20    XL:     1   Next: 50%
Magic:  0/0        EV:  9    Int:  5    God:
Gold:   0          SH:  4    Dex:  9    Spells: 0/0 levels left

rFire   . . .      SeeInvis .    a - +0 war axe
rCold   . . .      Faith    .    c - +0 buckler
rNeg    . . .      Spirit   .    b - +0 scale mail
rPois   .          Reflect  .    (helmet restricted)
rElec   .          Harm     .    (no cloak)
rCorr   .          Rampage  .    (no gloves)
Will    .....                    (no boots) Stlth
                                 (no amulet)
HPRegen 0.23/turn                (no ring)
MPRegen 0.07/turn                (no ring)

@: no status effects
A: horns 2, retaliatory headbutt
a: no special abilities


You were on level 2 of the Dungeon.
You visited 1 branch of the dungeon, and saw 2 of its levels.

Inventory:

Hand Weapons
 a - a +0 war axe (weapon)
Armour
 b - a +0 scale mail (worn)
 c - a +0 buckler (worn)
Scrolls
 e - a scroll of identify {unknown}
 f - a scroll of brand weapon {unknown}
Potions
 d - a potion of might


   Skills:
 + Level 3.7 Fighting
 + Level 2.5 Axes
 + Level 3.7 Armour
 + Level 3.7 Shields


You couldn't memorise any spells.
You didn't know any spells.
Your spell library was empty.

Dungeon Overview and Level Annotations

Branches:
Dungeon (1/15)

Altars:

Annotations:
D:2 Terence


Innate Abilities, Weirdness & Mutations

You have a pair of horns on your head.
You reflexively headbutt those who attack you in melee.


Message History

The quokka bites you but does no damage.
You slash the quokka!
You kill the quokka!
You see here a quokka corpse.
Found a stone staircase leading down.
A sourceless malevolence fills the Dungeon...
You fall into a shaft and drop 1 floor!
The shaft crumbles and collapses.
Found a scroll labelled UKLYFU TIALER.
f - a scroll labelled UKLYFU TIALER Terence and an endoplasm come into view.
Terence shouts!
The endoplasm quivers.
A frilled lizard comes into view.
The frilled lizard hisses angrily.
Found a stone staircase leading down.
Terence barely misses you.
You barely miss Terence. Terence hits you with a +0 mace.
You barely miss Terence. You hit the endoplasm. The endoplasm freezes you.
You are frozen.
Terence hits you with a +0 mace.
You barely miss Terence. You hit the endoplasm.
You kill the endoplasm!
You miss the frilled lizard. Terence barely misses you.
You block the frilled lizard's attack.
The frilled lizard bites you but does no damage.
You block Terence's attack.
You closely miss Terence. Your headbutt misses Terence.
You closely miss the frilled lizard. Terence hits you with a +0 mace.
The frilled lizard bites you but does no damage.
You hit Terence.
Terence is moderately wounded.
You barely miss the frilled lizard. Terence hits you with a +0 mace!
The frilled lizard barely misses you.
You hit Terence.
Terence is heavily wounded.
You closely miss the frilled lizard. The frilled lizard barely misses you.
Terence hits you with a +0 mace.
* * * LOW HITPOINT WARNING * * *
The frilled lizard bites you.
You die...

### ##### .... ...#
..... ####.############
......#................
.......@...............
......l@##.##...#####..
>....⌠..##.######
#.......##.#
#.......##.#
#..........#
#....#.##### ######.


You could see Terence and a frilled lizard.

Vanquished Creatures
  An endoplasm (D:2)
  A hobgoblin (D:1)
  A quokka (D:1)
3 creatures vanquished.

Notes
Turn   | Place    | Note
-------+----------+-------------------------------------------
     0 | D:1      | Citaku the Minotaur Fighter began the quest for the Orb.
     0 | D:1      | Reached XP level 1. HP: 19/19 MP: 0/0
    96 | D:1      | You fall into a shaft and drop 1 floor!
   104 | D:2      | Noticed Terence
   112 | D:2      | Slain by a frilled lizard

Illustrated notes

Levels and vault maps discovered:
D:1:      scummos_arrival_checkerplants, layout_basic, basic_ecumenical_altar,
          serial_shops, shop, minmay_rat_gold_closets
D:2:      layout_basic, solitary_fountain, uniq_natasha, uniq_jessica,
          uniq_terence

Action                   || total
-------------------------++-------
Melee: War axe           ||    11
Armor: Scale mail        ||     5
Dodge: Dodged            ||     7
Block: Buckler           ||     3

Table legend: (Time is in decaauts)
 A = Elapsed time spent in this place.
 B = Non-inter-level travel time spent in this place.
 C = Inter-level travel time spent in this place.
 D = Time resting spent in this place.
 E = Time spent auto-exploring this place.
 F = Levels seen in this place.
 G = Mean time per level.
                   A        B        C        D        E       F      G
               +--------+--------+--------+--------+--------+-----+--------+
         Total |    116 |    116 |      0 |      0 |     75 |   2 |   58.0 |
       Dungeon |    116 |    116 |      0 |      0 |     75 |   2 |   58.0 |
               +--------+--------+--------+--------+--------+-----+--------+

Top non-repeatable levels by time:
     D:1: 98 daAuts
     D:2: 17 daAuts
